 Dungeon Crawl Stone Soup version 0.21-a0-225-g207ae17 (webtiles) character file.

47 tof the Shooter (level 3, -2/30 HPs)
             Began as a Centaur Hunter on Aug 29, 2017.
             Slain by Sigmund
             ... wielding a +0 scythe
              (13 damage)
             ... on level 2 of the Dungeon.
             The game lasted 00:02:11 (1390 turns).

tof the Shooter (Centaur Hunter)                    Turns: 1390, Time: 00:02:12

Health: -2/30      AC:  4    Str: 14    XL:     3   Next: 48%
Magic:  3/3        EV:  9    Int: 10    God:
Gold:   52         SH:  0    Dex: 10    Spells: 2/2 levels left

rFire    . . .     SeeInvis .   a - +1 shortbow
rCold    . . .     Gourm    .   (shield currently unavailable)
rNeg     . . .     Faith    .   c - +0 leather armour
rPois    .         Spirit   .   (no helmet)
rElec    .         Reflect  .   (no cloak)
rCorr    .         Harm     .   (no gloves)
MR       .....                  (no barding)
Stlth    +.........             (no amulet)
HPRegen  0.10/turn              (no ring)
MPRegen  0.08/turn              (no ring)

@: very quick
A: hooves 3, deformed body, speed 2, tough skin 3
a: no special abilities


You were on level 2 of the Dungeon.
You were hungry.

You visited 1 branch of the dungeon, and saw 2 of its levels.

You collected 52 gold pieces.

Inventory:

Hand Weapons
 a - a +1 shortbow (weapon)
 b - a +0 short sword
Missiles
 d - 6 arrows (quivered)
Armour
 c - a +0 leather armour (worn)
Jewellery
 n - a +3 ring of slaying {unknown}
Scrolls
 h - a scroll of enchant armour {unknown}
 i - a scroll of noise {unknown}
 l - a scroll of enchant weapon {unknown}
 m - a scroll of identify {unknown}
Potions
 e - a potion of flight {unknown}
 k - a potion of cancellation {unknown}
 o - a potion of heal wounds {unknown}
 p - a potion of invisibility {unknown}
 q - a potion of curing {unknown}
Comestibles
 f - a bread ration
 g - a meat ration
 j - 2 royal jellies


   Skills:
 + Level 2.4 Fighting
 * Level 5.9 Bows
 + Level 1.7 Dodging
 + Level 1.2 Stealth


You had 2 spell levels left.
You didn't know any spells.

Dungeon Overview and Level Annotations

Branches:
Dungeon (2/15)

Altars:

Annotations:
D:2 Sigmund


Innate Abilities, Weirdness & Mutations

You have hooves in place of feet.
Armour fits poorly on your strangely shaped body.
You cover ground very quickly.
You have extremely tough skin. (AC +3)


Message History

You are confused.
You are too confused!
You are too confused!
You are too confused!
You are too confused!
Firing (i - inventory):
d - 7 arrows (quivered)
Press: ? - help, Shift-Dir - straight line, f/p - Sigmund
Aim: Sigmund, wielding a scythe and wearing a robe (moderately wounded)
You shoot an arrow.
You are feeling hungry.
You're too confused to move!
You bump into the rock wall.
Sigmund hits you from afar with a scythe!
You bump into the rock wall.
Sigmund casts a spell at you. The puff of flame hits you!
You bump into the rock wall.
You feel less confused.
Sigmund hits you from afar with a scythe!
You die...

#.# #.#.#
#.#.#
#(#.######
#(#......#
#.######.#
#. #.#
#@######.#
#..@.....#
########.#
###


You could see Sigmund.

Vanquished Creatures
  A gnoll (D:1)
  A worm (D:2)
  2 leopard geckos (D:1)
  A giant cockroach (D:1)
  8 goblins (D:1)
  3 hobgoblins
  2 kobolds (D:1)
  6 bats (D:1)
  4 frilled lizards (D:1)
  2 rats (D:1)
30 creatures vanquished.

Notes
Turn   | Place    | Note
-------+----------+-------------------------------------------
     0 | D:1      | tof the Centaur Hunter began the quest for the Orb.
     0 | D:1      | Reached XP level 1. HP: 17/17 MP: 1/1
   289 | D:1      | Reached XP level 2. HP: 23/24 MP: 2/2
   454 | D:1      | Reached skill level 1 in Stealth
   827 | D:1      | Reached XP level 3. HP: 29/29 MP: 3/3
  1379 | D:2      | Noticed Sigmund
  1390 | D:2      | Slain by Sigmund

Vault maps used:
D:1:      elethiomel_arrival_infinity_welcomes_careful_drivers
D:2:      lemuel_doored_altar, grunt_temple_overflow_diamond, uniq_sigmund

Skill      XL: |  1  2 |
---------------+-------+-----
Stealth        | 1 |  1.2
Fighting       | |  2.4
Bows           | |  5.9
Dodging        | |  1.7

Action                   || total
-------------------------++-------
 Fire: Shortbow          ||    81
Armor: Leather armour    ||     9
Dodge: Dodged            ||    10

Table legend:
 A = Spawn XP
 B = Non-spawn XP
 C = Spawn XP percentage of total XP
 D = Spawn monster count
 E = Non-spawn monster count
 F = Spawn count percentage of total count
 G = Total turns spent on level
                    A         B        C        D         E        F      G
               +---------+---------+-------+---------+---------+-------+---------
         Total |       6 |      62 |   8.8 |       4 |      26 |  13.3 |  1390
               +---------+---------+-------+---------+---------+-------+---------
           D:1 |       6 |      55 |   9.8 |       4 |      24 |  14.3 |  1288
           D:2 |       0 |       7 |   0.0 |       0 |       2 |   0.0 |   102
               +---------+---------+-------+---------+---------+-------+---------
